 Dungeon Crawl Stone Soup version 0.23.2 (webtiles) character file.

Game seed: 1194439480512844907

6902 Menchi the Fighter (level 11, -9/95 HPs)
             Began as a Gnoll Wanderer on Apr 3, 2019.
             Was a Believer of Nemelex Xobeh.
             Killed by divine providence
             ... invoked by an orc priest
              (13 damage)
             ... on level 9 of the Dungeon.
             The game lasted 01:02:20 (11408 turns).

Menchi the Fighter (Gnoll Wanderer)                Turns: 11408, Time: 01:02:20

Health: -9/95      AC:  7    Str: 24    XL:     11   Next: 6%
Magic:  0/19       EV: 16    Int: 13    God:    Nemelex Xobeh [**....]
Gold:   400        SH:  0    Dex: 17    Spells: 17/21 levels left

rFire    + + .     SeeInvis +   z - +5 halberd (freeze)
rCold    . . .     Gourm    .   (shield currently unavailable)
rNeg     . . .     Faith    .   f - +0 robe
rPois    .         Spirit   +   l - +1 helmet {SInv}
rElec    .         Reflect  .   M - scarf {rC+ rF+}
rCorr    .         Harm     .   F - +0 pair of gloves
MR       +....                  B - +0 pair of boots
Stlth    +++.......             G - amulet "Woacaono" {Spirit rC- Str+7}
HPRegen  0.25/turn              o - ring of protection from fire
MPRegen  0.16/turn              I - ring of protection from magic

@: lethally poisoned (-9 -> -9)
A: distributed training, fangs 1, strong nose
a: Draw Escape, Draw Destruction, Draw Summoning, Renounce Religion


You were on level 9 of the Dungeon.
You worshipped Nemelex Xobeh.
Nemelex Xobeh was pleased with you.
You were not hungry.

You visited 1 branch of the dungeon, and saw 9 of its levels.

You collected 532 gold pieces.
You spent 132 gold pieces at shops.

Inventory:

Hand Weapons
 d - a +1 hand crossbow
 n - the +9 staff of Olgreb {rPois}
   (You found it on level 7 of the Dungeon)

   It protects you from poison.
 t - the +9 long sword "Lycec" {slice, *Noise rC+ rN++ Int+3}
   (You took it off Maurice on level 9 of the Dungeon)

   It inflicts extra damage upon your enemies.
   It affects your intelligence (+3).
   It protects you from cold.
   It greatly protects you from negative energy.
   It may make noises in combat.
 y - a +1 battleaxe of chopping
 z - a +5 halberd of freezing (weapon)
 A - a +2 flail of holy wrath
 J - a +0 dagger of venom
Missiles
 a - 44 arrows
 e - 20 bolts (quivered)
Armour
 f - a +0 robe (worn)
 h - a +0 animal skin
 k - a scarf of resistance
 l - a +1 helmet of see invisible (worn)
 u - a +2 cloak
 B - a +0 pair of boots (worn)
 F - a +0 pair of gloves (worn)
 M - a scarf of resistance (worn)
Jewellery
 i - an uncursed ring of positive energy
 o - a ring of protection from fire (left hand)
 G - the amulet "Woacaono" (around neck) {Spirit rC- Str+7}
   (You found it on level 6 of the Dungeon)

   [amulet of guardian spirit]

   It causes incoming damage to be split between your health and magic.
   It affects your strength (+7).
   It makes you vulnerable to cold.
 I - a ring of protection from magic (right hand)
 L - an uncursed amulet of magic regeneration
 N - an uncursed ring of resist corrosion
Wands
 b - a wand of polymorph (16)
 c - a wand of enslavement (7)
 s - a wand of digging (9)
 E - a wand of paralysis (2)
Scrolls
 j - a scroll of enchant armour
 m - 2 scrolls of amnesia
 w - 4 scrolls of identify
 x - 2 scrolls of magic mapping
 H - 3 scrolls of remove curse
Potions
 p - a potion of flight
 v - a potion of mutation {unknown}
 K - a potion of haste {unknown}
Comestibles
 g - 12 rations


   Skills:
 + Level 11.7 Fighting
 + Level 5.8 Short Blades
 + Level 5.8 Long Blades
 + Level 5.8 Axes
 + Level 5.8 Maces & Flails
 + Level 5.8 Polearms
 + Level 5.8 Staves
 + Level 5.8 Slings
 + Level 6.4 Bows
 + Level 6.4 Crossbows
 + Level 5.8 Throwing
 + Level 6.4 Armour
 + Level 5.8 Dodging
 + Level 6.3 Stealth
 + Level 5.8 Shields
 + Level 5.8 Unarmed Combat
 + Level 5.8 Spellcasting
 + Level 4.8 Conjurations
 + Level 4.8 Hexes
 + Level 4.8 Charms
 + Level 4.8 Summonings
 + Level 4.8 Necromancy
 + Level 4.8 Translocations
 + Level 4.8 Transmutations
 + Level 4.8 Fire Magic
 + Level 4.8 Ice Magic
 + Level 4.8 Air Magic
 + Level 4.8 Earth Magic
 + Level 4.8 Poison Magic
 + Level 6.4 Invocations
 + Level 6.4 Evocations


You had 17 spell levels left.
You knew the following spells:

 Your Spells              Type           Power        Failure   Level  Hunger
a - Blink                 Tloc           N/A          3%          2    ##.....
b - Call Imp              Summ           ###.....     3%          2    ##.....

Your spell library contained the following spells:

 Spells                   Type           Power        Failure   Level  Hunger
 Magic Dart               Conj           ###.         2%          1    None
 Slow                     Hex            ###.....     3%          2    ##.....
 Conjure Flame            Conj/Fire      ###.....     7%          3    ###....
 Mephitic Cloud           Conj/Pois/Air  ###.....     7%          3    ###....


Dungeon Overview and Level Annotations

Branches:
Dungeon (9/15)             Temple (0/1) D:7
   Lair: D:8-11         Orc: D:9-12

Altars:
Ashenzari
Cheibriados
Dithmenos
Elyvilon
Makhleb
Nemelex Xobeh
Vehumet
Zin

Shops:
D:5 ?   D:7 *

Annotations:
D:7 1 runed translucent door


Innate Abilities, Weirdness & Mutations

Your experience applies equally to all skills.
You have very sharp teeth.
Your uncanny sense of smell can sniff out nearby items.


Message History

A yak comes into view.
You completely miss the orc priest.
The orc priest is severely wounded.
The centaur wields a +0 shortbow.
The centaur shoots an arrow.
The arrow hits you.
* * * LOW HITPOINT WARNING * * *
The orc priest misses you.
A yak comes into view.
You hear a bellow! x2
You feel sick.
The centaur shoots an arrow.
The arrow hits you!
* * * LOW HITPOINT WARNING * * *
You hear a bellow!
There is a stone staircase leading down, spattered with blood here.
Items here: $ ( )) ? [ †
Okay, then.
You draw a card...
You have drawn the Cloud.
Clouds appear around you!
The orc priest calls down the wrath of Beogh upon you.
Beogh smites you!
You die...
Your body glows slightly and disappears.

.≈≈≈≈≈.............##
≈≈≈≈≈.............##
#≈≈≈≈.............##
#≈≈≈≈.............##
#☼≈c≈ #.........##
#)≈# #.........# #§§#
#.......))# ##o#
#.........# #@#
#.........# #.#
#.........# #.#
###...#'### #.#
#####.# #######)# #.#
#.(..().# #.#
#.####### #.# #.# #.#
#.# #.#


You could see a centaur and an orc priest.

Vanquished Creatures
  Harold (D:8)
  A two-headed ogre (D:9)
  Maurice (D:9)
  2 hippogriffs
  A spriggan (D:8)
  A golden eye (D:6)
  2 soldier ants (D:7)
  Edmund (D:4)
  A slave (D:8)
  2 orc warriors
  A phantom (D:7)
  A black bear (D:7)
  An eye of draining (D:4)
  4 ogres
  6 centaurs
  A big kobold (D:9)
  3 bullfrogs
  A wyvern zombie (D:9)
  A scorpion (D:9)
  A water moccasin skeleton (D:6)
  13 killer bees (D:7)
  2 electric eels (D:9)
  5 wights (D:9)
  A crimson imp (D:7)
  3 hounds
  7 orc wizards
  2 orc priests
  2 jellies
  4 bullfrog skeletons
  2 iguanas (D:7)
  A gnoll shaman (D:8)
  7 worker ants
  A hound skeleton (D:4)
  Robin (D:3)
  6 adders
  4 gnolls (D:8)
  An ooze (D:5)
  2 adder skeletons
  An adder zombie (D:7)
  4 worms
  A dart slug (D:3)
  3 leopard geckos
  23 orcs
  6 giant cockroaches
  7 hobgoblins
  10 jackals
  A quokka (D:5)
  A ball python (D:2)
  5 bats
  4 frilled lizards
  12 goblins
  13 kobolds
  A quokka skeleton (D:4)
  A quokka zombie (D:5)
  6 rats
196 creatures vanquished.

Vanquished Creatures (collateral kills)
  Pikel (D:8)
  3 soldier ants (D:7)
  2 water moccasins (D:7)
  2 worker ants (D:7)
  An adder (D:7)
  A jackal (D:7)
10 creatures vanquished.

Vanquished Creatures (others)
  An ice beast (D:6)
1 creature vanquished.

Grand Total: 207 creatures vanquished

Notes
Turn   | Place    | Note
-------+----------+-------------------------------------------
     0 | D:1      | Reached skill level 10 in Fighting
     0 | D:1      | Menchi the Gnoll Wanderer began the quest for the Orb.
     0 | D:1      | Menchi set off with the following items: a +2 shortbow, 29
                  | arrows, a +0 mace, a +0 hand crossbow, 24 bolts, a +0 robe,
                  | a ration
     0 | D:1      | Reached XP level 1. HP: 28/28 MP: 2/2
   255 | D:1      | Reached XP level 2. HP: 33/36 MP: 3/3
   697 | D:2      | Reached XP level 3. HP: 42/42 MP: 4/4
   994 | D:2      | Reached skill level 1 in Invocations
  1128 | D:2      | Reached skill level 1 in Short Blades
  1128 | D:2      | Reached skill level 1 in Long Blades
  1128 | D:2      | Reached skill level 1 in Axes
  1128 | D:2      | Reached skill level 1 in Maces & Flails
  1128 | D:2      | Reached skill level 1 in Polearms
  1128 | D:2      | Reached skill level 1 in Staves
  1128 | D:2      | Reached skill level 1 in Slings
  1128 | D:2      | Reached skill level 1 in Throwing
  1128 | D:2      | Reached skill level 1 in Dodging
  1128 | D:2      | Reached skill level 1 in Shields
  1128 | D:2      | Reached skill level 1 in Unarmed Combat
  1128 | D:2      | Reached skill level 1 in Spellcasting
  1128 | D:2      | Reached XP level 4. HP: 25/48 MP: 4/6
  1981 | D:3      | Reached skill level 1 in Conjurations
  1981 | D:3      | Reached skill level 1 in Hexes
  1981 | D:3      | Reached skill level 1 in Charms
  1981 | D:3      | Reached skill level 1 in Summonings
  1981 | D:3      | Reached skill level 1 in Necromancy
  1981 | D:3      | Reached skill level 1 in Translocations
  1981 | D:3      | Reached skill level 1 in Transmutations
  1981 | D:3      | Reached skill level 1 in Fire Magic
  1981 | D:3      | Reached skill level 1 in Ice Magic
  1981 | D:3      | Reached skill level 1 in Air Magic
  1981 | D:3      | Reached skill level 1 in Earth Magic
  1981 | D:3      | Reached skill level 1 in Poison Magic
  2300 | D:3      | Reached XP level 5. HP: 47/54 MP: 7/7
  2355 | D:3      | Noticed Robin
  2362 | D:3      | Killed Robin
  2906 | D:4      | Found a glowing silver altar of Zin.
  3026 | D:4      | Noticed Edmund
  3027 | D:4      | Found a shattered altar of Ashenzari.
  3524 | D:4      | Noticed an eye of draining
  3553 | D:4      | Reached XP level 6. HP: 47/61 MP: 6/8
  3692 | D:4      | Killed an eye of draining
  3863 | D:4      | Learned a level 2 spell: Blink
  3866 | D:4      | Learned a level 2 spell: Call Imp
  3921 | D:4      | Killed Edmund
  3921 | D:4      | Reached XP level 7. HP: 49/67 MP: 10/10
  4135 | D:5      | Entered Level 5 of the Dungeon
  4573 | D:5      | Found Osunein's Magic Scroll Shoppe.
  4589 | D:5      | Bought a scroll of identify for 24 gold pieces
  4589 | D:5      | Bought a scroll of remove curse for 36 gold pieces
  4589 | D:5      | Bought a scroll of remove curse for 36 gold pieces
  4589 | D:5      | Bought a scroll of remove curse for 36 gold pieces
  5155 | D:5      | Found a sparkling altar of Nemelex Xobeh.
  5159 | D:5      | Became a worshipper of Nemelex Xobeh the Trickster
  5172 | D:5      | Received a gift from Nemelex Xobeh
  5197 | D:5      | Found a snail-covered altar of Cheibriados.
  5200 | D:5      | Found a shadowy altar of Dithmenos.
  5405 | D:5      | Found a white marble altar of Elyvilon.
  5453 | D:5      | Reached XP level 8. HP: 74/74 MP: 12/12
  5780 | D:6      | Found a burning altar of Makhleb.
  5782 | D:6      | Got a coiled steel amulet
  5783 | D:6      | Identified the amulet "Woacaono" {Spirit rC- Str+7} (You
                  | found it on level 6 of the Dungeon)
  6369 | D:6      | Noticed a troll
  6373 | D:6      | a troll changed into a golden eye
  6491 | D:6      | Reached * piety under Nemelex Xobeh
  6963 | D:7      | Found Gufra's Assorted Antiques.
  7002 | D:7      | Reached skill level 11 in Fighting
  7002 | D:7      | Reached XP level 9. HP: 53/81 MP: 2/14
  7006 | D:7      | Found a radiant altar of Vehumet.
  7831 | D:7      | Found a runed translucent door.
  7850 | D:7      | Found a runed translucent gate.
  7852 | D:7      | Found a runed translucent gate.
  7852 | D:7      | Found a runed translucent gate.
  7858 | D:7      | Found a staircase to the Ecumenical Temple.
  7937 | D:7      | Found the +9 staff of Olgreb {rPois}
  8076 | D:7      | Found a runed translucent door.
  8143 | D:7      | Reached skill level 5 in Bows
  8143 | D:7      | Reached skill level 5 in Crossbows
  8143 | D:7      | Reached skill level 5 in Armour
  8143 | D:7      | Reached skill level 5 in Evocations
  8190 | D:7      | Identified the +0 hand axe "Sidecun" {chop, SInv Stlth+}
  8200 | D:7      | Reached skill level 5 in Stealth
  8201 | D:7      | HP: 4/81 [worker ant (1)]
  8616 | D:7      | Reached skill level 5 in Invocations
  9215 | D:8      | HP: 2/81 [gnoll/+0 spear (5)]
  9726 | D:8      | Reached XP level 10. HP: 72/88 MP: 13/17
  9832 | D:8      | Noticed Harold
  9863 | D:8      | Noticed Pikel
  9880 | D:8      | Reached ** piety under Nemelex Xobeh
 10076 | D:8      | Killed Harold
 10076 | D:8      | Reached skill level 5 in Short Blades
 10076 | D:8      | Reached skill level 5 in Long Blades
 10076 | D:8      | Reached skill level 5 in Axes
 10076 | D:8      | Reached skill level 5 in Maces & Flails
 10076 | D:8      | Reached skill level 5 in Polearms
 10076 | D:8      | Reached skill level 5 in Staves
 10076 | D:8      | Reached skill level 5 in Slings
 10076 | D:8      | Reached skill level 5 in Throwing
 10076 | D:8      | Reached skill level 5 in Dodging
 10076 | D:8      | Reached skill level 5 in Shields
 10076 | D:8      | Reached skill level 5 in Unarmed Combat
 10076 | D:8      | Reached skill level 5 in Spellcasting
 10652 | D:8      | Killed Pikel
 11058 | D:9      | Noticed a two-headed ogre
 11065 | D:9      | Killed a two-headed ogre
 11109 | D:9      | Noticed Maurice
 11113 | D:9      | Identified the +9 long sword "Lycec" {slice, *Noise rC+
                  | rN++ Int+3}
 11115 | D:9      | Killed Maurice
 11334 | D:9      | Reached XP level 11. HP: 69/95 MP: 17/19
 11406 | D:9      | HP: 4/95 [centaur/arrow (7)]
 11408 | D:9      | Killed from afar by an orc priest

Skill      XL: |  1  2  3  4  5  6  7  8  9 10 |
---------------+-------------------------------+-----
Fighting       | 11 | 11.7
Invocations    | 1 2 3 4 5 6 |  6.4
Short Blades   | 1 2 3 4 5 |  5.8
Long Blades    | 1 2 3 4 5 |  5.8
Axes           | 1 2 3 4 5 |  5.8
Maces & Flails | 1 2 3 4 5 |  5.8
Polearms       | 1 2 3 4 5 |  5.8
Staves         | 1 2 3 4 5 |  5.8
Slings         | 1 2 3 4 5 |  5.8
Throwing       | 1 2 3 4 5 |  5.8
Dodging        | 1 2 3 4 5 |  5.8
Shields        | 1 2 3 4 5 |  5.8
Unarmed Combat | 1 2 3 4 5 |  5.8
Spellcasting   | 1 2 3 4 5 |  5.8
Conjurations   | 1 2 3 4 |  4.8
Hexes          | 1 2 3 4 |  4.8
Charms         | 1 2 3 4 |  4.8
Summonings     | 1 2 3 4 |  4.8
Necromancy     | 1 2 3 4 |  4.8
Translocations | 1 2 3 4 |  4.8
Transmutations | 1 2 3 4 |  4.8
Fire Magic     | 1 2 3 4 |  4.8
Ice Magic      | 1 2 3 4 |  4.8
Air Magic      | 1 2 3 4 |  4.8
Earth Magic    | 1 2 3 4 |  4.8
Poison Magic   | 1 2 3 4 |  4.8
Bows           | 3 4 5 6 |  6.4
Crossbows      | 3 4 5 6 |  6.4
Armour         | 3 4 5 6 |  6.4
Evocations     | 3 4 5 6 |  6.4
Stealth        | 3 4 5 6 |  6.3

Action                   |  1- 3 |  4- 6 |  7- 9 | 10-12 || total
-------------------------+-------+-------+-------+-------++-------
Melee: Flail             |       |       |    67 |       ||    67
       Dagger            |       |       |     3 |       ||     3
       Bite              |       |       |    14 |    27 ||    41
       Hand crossbow     |       |       |     1 |       ||     1
       Staff             |       |       |    27 |    85 ||   112
       Battleaxe         |       |       |    16 |       ||    16
       Punch             |       |       |     2 |     7 ||     9
       Long sword        |       |       |       |    10 ||    10
       Halberd           |       |       |       |    33 ||    33
 Fire: Hand crossbow     |    82 |    43 |   125 |       ||   250
       Shortbow          |       |    73 |    32 |       ||   105
 Cast: Call Imp          |       |     1 |     3 |       ||     4
       Blink             |       |       |     3 |       ||     3
 Abil: Draw Destruction  |       |       |     6 |       ||     6
       Draw Summoning    |       |       |     5 |       ||     5
       Draw Escape       |       |       |       |     1 ||     1
Evoke: Wand              |       |       |     1 |    11 ||    12
       Staff of Olgreb   |       |       |       |     3 ||     3
  Use: Scroll            |       |     7 |    10 |     5 ||    22
       Potion            |       |       |     3 |     7 ||    10
 Stab: Sleeping          |       |       |     4 |     3 ||     7
  Eat: Chunk             |     1 |     6 |     4 |     5 ||    16
       Ration            |       |     1 |     4 |       ||     5
Armor: Robe              |     7 |    10 |    46 |    27 ||    90
Dodge: Dodged            |    31 |    41 |   194 |   110 ||   376
       Rpst.: Long sword |       |       |       |     3 ||     3
